 Dungeon Crawl Stone Soup version 0.18.1-48-g4cf74bf (webtiles) character file.

8278 Gargoyl the Protected (level 11, -8/84 HPs)
             Began as a Demonspawn Abyssal Knight on Aug 23, 2016.
             Was the Champion of Lugonu.
             Mangled by a red ugly thing (23 damage)
             ... on level 11 of the Dungeon.
             The game lasted 00:23:12 (10963 turns).

Gargoyl the Protected (Demonspawn Abyssal Knight)  Turns: 10963, Time: 00:23:13

Health: -8/84      AC: 23    Str: 16    XL:     11   Next: 7%
Magic:  13/13      EV:  7    Int: 13    God:    Lugonu [******]
Gold:   277        SH:  4    Dex: 13    Spells: 0 memorised, 10 levels left

rFire  . . .     SeeInvis .     s - +4 great sword (slice)
rCold  . . .     Gourm    .     y - +2 plate armour
rNeg   . . .     Faith    .     (shield currently unavailable)
rPois  .         Spirit   .     f - +0 helmet
rElec  .         Dismiss  .     (no cloak)
rCorr  .         Reflect  +     B - +1 pair of gloves
SustAt .         Harm     .     u - +0 pair of boots
MR     .....                    I - +4 amulet of reflection
Stlth  ..........               J - ring of stealth
                                E - ring of flight

@: not resistant to hostile enchantments, extremely unstealthy
A: talons 2, powered by pain 3, spiny 1
a: Depart the Abyss, Bend Space, Banish, Corrupt, Enter the Abyss, Brand Weapon
With Distortion, Renounce Religion, Evoke Flight


You were on level 11 of the Dungeon.
You worshipped Lugonu.
Lugonu was exalted by your worship.
You were hungry.

You visited 2 branches of the dungeon, and saw 13 of its levels.
You visited the Abyss 1 time.

You collected 749 gold pieces.
You spent 472 gold pieces at shops.

Inventory:

Hand Weapons
 s - a +4 great sword of slicing (weapon)
 L - a cursed +1 great sword
Armour
 f - a +0 helmet (worn)
 l - the +0 buckler "Pouce" {Str+3 Dex+7}
   (You acquired it on level 11 of the Dungeon)

   It affects your strength (+3).
   It affects your dexterity (+7).
 u - a +0 pair of boots (worn)
 y - a +2 plate armour (worn)
 B - a +1 pair of gloves (worn)
Jewellery
 E - a ring of flight (left hand)
 I - a +4 amulet of reflection (around neck)
 J - a ring of stealth (right hand)
Wands
 g - a wand of enslavement (15/24)
 j - a wand of flame (28/48)
 k - a wand of slowing (24/48)
 m - a wand of teleportation (5/9)
 D - a wand of disintegration (11/24)
 G - a wand of digging (13/24)
Scrolls
 a - 5 scrolls of identify
 d - 2 scrolls of magic mapping
 e - a scroll of blinking
 h - 4 scrolls of remove curse
 A - 2 scrolls of recharging
 F - a scroll of summoning
 H - a scroll of amnesia
Potions
 i - 3 potions of brilliance
 p - 3 potions of curing
 q - 3 potions of might {unknown}
 r - a potion of cure mutation {unknown}
 t - a potion of degeneration {unknown}
 v - 4 potions of heal wounds {unknown}
 w - a potion of flight {unknown}
 z - 3 potions of mutation {unknown}
 K - a potion of berserk rage
Books
 b - a book of the Earth

   Spells                             Type                      Level
   a - Leda's Liquefaction            Hexes/Earth                  4
   b - Bolt of Magma                  Conjuration/Fire/Earth       5
   c - Statue Form                    Transmutation/Earth          6
   d - Iron Shot                      Conjuration/Earth            6
   e - Shatter                        Earth                        9
 C - a book of the Tempests

   Spells                             Type                      Level
   a - Static Discharge               Conjuration/Air              3
   b - Lightning Bolt                 Conjuration/Air              5
   c - Fireball                       Conjuration/Fire             5
   d - Tornado                        Air                          9
   e - Shatter                        Earth                        9
Comestibles
 c - 6 bread rations
 n - a slice of pizza
 o - a meat ration
 x - a beef jerky


   Skills:
 + Level 7.2 Fighting
 + Level 6.4 Long Blades
   Level 3.1 Axes
 * Level 12.1 Armour
 + Level 3.0 Dodging
 + Level 1.4 Stealth
 + Level 2.8 Invocations
 + Level 0.6 Evocations


You had 10 spell levels left.
You didn't know any spells.

Dungeon Overview and Level Annotations

Branches:
Dungeon (11/15)            Temple (0/1) D:6             Orc (2/2) D:9
   Lair: D:8-11         Elf: Orc:2

Altars:
Ashenzari
Fedhas
Kikubaaqudgha
Nemelex Xobeh
Pakellas
Ru
Trog
Xom
Yredelemnul

Shops:
D:7 [   D:8 (}**   D:9 *


Innate Abilities, Weirdness & Mutations

You have razor-sharp toenails.
You are powered by pain.
You are partially covered in sharp spines.


Message History

You closely miss the red ugly thing.
The red ugly thing is severely wounded.
The red ugly thing is struck by your spines.
The red ugly thing kicks you but does no damage.
The hill giant hits you with a giant club!
Unknown command.
You hit the red ugly thing.
The red ugly thing is severely wounded.
The red ugly thing barely misses you. The hill giant closely misses you.
Unknown command.
You closely miss the red ugly thing.
The red ugly thing is severely wounded.
You block the red ugly thing's attack.
The hill giant is struck by your spines.
The hill giant hits you with a giant club!
* * * LOW HITPOINT WARNING * * *
The red ugly thing kicks you.
* * * LOW HITPOINT WARNING * * *
You are engulfed in flames!!
You die...

'#####.........#
.....#..>......#
.....#...).....#
.)...#.........# .
.....#.........#######.>
.....#...)..............
.....#..................
.....#.(###'###.........
....##.(#.....#.@C......
..[.#...#.....#.u.......
....#...#.....#.........
#####...#.....#.........
........#######.........
............. ..........
............. ..........
........................
##############


You could see a red ugly thing and a hill giant.

Vanquished Creatures
  The ghost of Gargoyl the Covered, a novice DsAK of Lugonu (D:8)
  A hill giant (D:10)
  Pikel (D:5)
  A gargoyle (D:10)
  3 trolls
  A two-headed ogre (D:11)
  A hungry ghost (D:8)
  A human (D:9)
  Duvessa (D:5)
  A water moccasin (D:8)
  4 orc warriors
  A slave (D:5)
  An ice beast (D:9)
  A sky beast (D:7)
  2 phantoms
  A necrophage (D:10)
  10 ogres
  8 centaurs
  2 crocodiles
  2 big kobolds
  5 giant frogs
  Dowan (D:5)
  A gnoll sergeant (D:6)
  2 scorpions (D:10)
  16 wights
  A howler monkey (D:5)
  4 jellies
  2 crimson imps
  A quasit (D:11)
  2 hounds
  A gnoll shaman (D:4)
  5 orc priests
  A human zombie (D:9)
  2 iguanas
  Jessica (D:2)
  Terence (D:2)
  Natasha (thrice) (D:3)
  9 orc wizards
  5 worker ants
  Robin (D:2)
  9 gnolls
  12 adders
  A shadow imp (D:5)
  An adder zombie (D:10)
  An adder skeleton (D:7)
  A worm (D:2)
  2 dart slugs
  5 giant geckos
  40 orcs
  22 bats
  4 giant cockroaches
  19 goblins
  3 hobgoblins
  7 jackals
  19 kobolds
  5 quokkas
  3 ball pythons
  A giant gecko skeleton (D:6)
  3 giant newts
  2 quokka skeletons
  15 rats
283 creatures vanquished.

Notes
Turn   | Place    | Note
--------------------------------------------------------------
     0 | Abyss:1  | Gargoyl the Demonspawn Abyssal Knight began the quest for the Orb.
     0 | Abyss:1  | Reached XP level 1. HP: 18/18 MP: 2/2
    88 | Abyss:2  | Noticed a small abomination
    93 | Abyss:2  | Noticed an ice devil
    95 | Abyss:2  | Noticed a wretched star
    97 | D:1      | Escaped the Abyss
   167 | D:1      | Reached * piety under Lugonu
   268 | D:1      | Gained mutation: You sometimes gain a little power by taking damage. [demonic ancestry]
   268 | D:1      | Reached XP level 2. HP: 24/24 MP: 3/3
   483 | D:1      | Reached skill level 1 in Dodging
  1064 | D:2      | Noticed Jessica
  1071 | D:2      | Reached XP level 3. HP: 26/30 MP: 4/4
  1087 | D:2      | Killed Jessica
  1087 | D:2      | Reached skill level 2 in Armour
  1404 | D:2      | Gained mutation: You are partially covered in sharp spines. [demonic ancestry]
  1404 | D:2      | Reached XP level 4. HP: 37/37 MP: 5/5
  1416 | D:2      | Found an oddly glowing altar of Pakellas.
  1535 | D:2      | Reached ** piety under Lugonu
  1545 | D:2      | Noticed Terence
  1550 | D:2      | Noticed Robin
  1553 | D:2      | Killed Terence
  1561 | D:2      | Killed Robin
  1564 | D:2      | Gained mutation: You have sharp toenails. [demonic ancestry]
  1564 | D:2      | Reached XP level 5. HP: 32/42 MP: 7/7
  2260 | D:3      | Reached *** piety under Lugonu
  2354 | D:3      | Noticed Natasha
  2363 | D:3      | Killed Natasha
  2363 | D:3      | Reached skill level 3 in Armour
  2508 | D:3      | Noticed Natasha
  2518 | D:3      | Killed Natasha
  2550 | D:3      | Gained mutation: You have razor-sharp toenails. [demonic ancestry]
  2550 | D:3      | Reached XP level 6. HP: 46/48 MP: 8/8
  2713 | D:3      | Noticed Natasha
  2719 | D:3      | Killed Natasha
  2855 | D:3      | Found a sacrificial altar of Ru.
  2973 | D:4      | Reached skill level 1 in Long Blades
  2973 | D:4      | Reached skill level 4 in Armour
  3148 | D:4      | Gained mutation: You sometimes gain power by taking damage. [demonic ancestry]
  3148 | D:4      | Reached XP level 7. HP: 37/55 MP: 9/9
  3157 | D:4      | Reached **** piety under Lugonu
  3157 | D:4      | Reached skill level 5 in Armour
  3957 | D:5      | Entered Level 5 of the Dungeon
  3975 | D:5      | Reached skill level 5 in Fighting
  4096 | D:5      | Noticed Pikel
  4105 | D:5      | Killed Pikel
  4105 | D:5      | Reached skill level 7 in Armour
  4105 | D:5      | Gained mutation: You are powered by pain. [demonic ancestry]
  4105 | D:5      | Reached XP level 8. HP: 55/62 MP: 10/10
  4326 | D:5      | Noticed Duvessa
  4326 | D:5      | Noticed Dowan
  4335 | D:5      | Killed Duvessa
  4345 | D:5      | Killed Dowan
  4663 | D:5      | Found a shimmering altar of Xom.
  4663 | D:5      | Found an ancient bone altar of Kikubaaqudgha.
  5043 | D:6      | Reached skill level 8 in Armour
  5290 | D:6      | Found a staircase to the Ecumenical Temple.
  5442 | D:6      | Reached XP level 9. HP: 68/68 MP: 11/11
  5985 | D:7      | Reached ***** piety under Lugonu
  6311 | D:7      | Reached skill level 9 in Armour
  6400 | D:7      | Found Ihega's Armour Boutique.
  6403 | D:7      | Bought a +0 helmet for 67 gold pieces
  6403 | D:7      | Bought a cursed +0 pair of gloves for 52 gold pieces
  6544 | D:7      | Found a sparkling altar of Nemelex Xobeh.
  6703 | D:7      | Found a bloodstained altar of Trog.
  6921 | D:8      | Found Diddai's Assorted Antiques.
  6935 | D:8      | Bought a potion of curing for 93 gold pieces
  6987 | D:8      | Noticed Gargoyl's ghost (novice DsAK)
  7013 | D:8      | Killed Gargoyl's ghost
  7013 | D:8      | Reached skill level 1 in Stealth
  7083 | D:8      | Reached skill level 5 in Long Blades
  7212 | D:8      | Found Qirphi Cua's Gadget Shoppe.
  7235 | D:8      | Found Basegil's Assorted Antiques.
  7280 | D:8      | Reached skill level 10 in Armour
  7497 | D:8      | Found a shattered altar of Ashenzari.
  7506 | D:8      | Found a blossoming altar of Fedhas.
  7802 | D:8      | Reached XP level 10. HP: 77/77 MP: 12/12
  7815 | D:8      | Found a shimmering altar of Xom.
  8023 | D:8      | Found Wirroagh's Weapon Boutique.
  8208 | D:9      | Found Umill's Assorted Antiques.
  8215 | D:9      | Bought a dented golden amulet for 130 gold pieces
  8215 | D:9      | Bought a glass ring for 130 gold pieces
  8450 | D:9      | Found a runed door.
  8454 | D:9      | Found a basalt altar of Yredelemnul.
  8879 | D:9      | Found a staircase to the Orcish Mines.
  8952 | Orc:1    | Entered Level 1 of the Orcish Mines
  9174 | Orc:2    | Entered Level 2 of the Orcish Mines
  9189 | Orc:2    | Reached skill level 11 in Armour
  9476 | D:10     | Entered Level 10 of the Dungeon
  9541 | D:10     | Noticed a gargoyle
  9552 | D:10     | Killed a gargoyle
  9773 | D:10     | Noticed a hill giant
  9778 | D:10     | Reached ****** piety under Lugonu
  9780 | D:10     | Killed a hill giant
 10666 | D:11     | Reached XP level 11. HP: 26/84 MP: 13/13
 10667 | D:11     | Reached skill level 12 in Armour
 10926 | D:11     | Identified a scroll of acquirement
 10927 | D:11     | Got an ancient buckler
 10928 | D:11     | Identified the +0 buckler "Pouce" {Str+3 Dex+7} (You acquired it on level 11 of the Dungeon)
 10954 | D:11     | Noticed a red ugly thing
 10955 | D:11     | Noticed a hill giant
 10963 | D:11     | Mangled by a red ugly thing

Skill      XL: |  1  2  3  4  5  6  7  8  9 10 11 |
---------------+----------------------------------+-----
Axes           | 2 3 |  3.1
Dodging        | 1 2 3 |  3.0
Fighting       | 4 5 6 7 |  7.2
Armour         | 2 3 4 7 8 10 11 12 | 12.1
Long Blades    | 1 2 3 5 6 |  6.4
Stealth        | 1 |  1.4
Invocations    | |  2.8
Evocations     | |  0.6

Action                   |  1- 3 |  4- 6 |  7- 9 | 10-12 || total
-------------------------+-------+-------+-------+-------++-------
Melee: Hand axe          |   101 |    35 |       |       ||   136
       Great sword       |       |    63 |   201 |   160 ||   424
       Kick              |       |    10 |       |       ||    10
Invok: Depart the Abyss  |     1 |       |       |       ||     1
Evoke: Wand              |       |       |     1 |     7 ||     8
  Use: Scroll            |       |     2 |    20 |     7 ||    29
       Potion            |       |       |     6 |     1 ||     7
 Stab: Distracted        |       |       |       |     1 ||     1
  Eat: Chunk             |     2 |     5 |    17 |     9 ||    33
       Meat ration       |       |       |     1 |       ||     1
Armor: Chain mail        |    64 |    78 |     8 |       ||   150
       Plate armour      |       |       |   143 |   198 ||   341
       Skin              |       |       |     9 |       ||     9
Dodge: Dodged            |    32 |    43 |    72 |    86 ||   233
Block: Other             |       |       |       |    44 ||    44
       Reflection        |       |       |       |     4 ||     4
